 Dungeon Crawl Stone Soup version 0.29.1-2-gbd0b4ee654 (webtiles) character file.

Game seed: 480812923882196439

81 thelastwis the Magician (level 4, -1/24 HPs)
             Began as a Deep Elf Hedge Wizard on Oct 28, 2022.
             Killed from afar by an orc wizard (7 damage)
             ... with a magic dart
             ... on level 3 of the Dungeon.
             The game lasted 00:12:37 (3000 turns).

thelastwis the Magician (Deep Elf Hedge Wizard)     Turns: 3000, Time: 00:12:39

Health: -1/24      AC:  4    Str:  7    XL:     4   Next: 20%
Magic:  4/14       EV: 12    Int: 21    God:
Gold:   102        SH:  0    Dex: 14    Spells: 6/15 levels left

rFire   . . .      SeeInvis .   a - +0 dagger
rCold   . . .      Faith    .   (no shield)
rNeg    . . .      Spirit   .   b - +0 robe
rPois   .          Reflect  .   g - +1 helmet
rElec   .          Harm     .   l - scarf {repulsion}
rCorr   .          Rampage  .   (no gloves)
Will    .....                   (no boots)
Stlth   ++........              (no amulet)
HPRegen 0.08/turn               (no ring)
MPRegen 0.14/turn               (no ring)

@: very slightly contaminated, repel missiles
A: no striking features
a: no special abilities


You were on level 3 of the Dungeon.
You visited 1 branch of the dungeon, and saw 3 of its levels.

You collected 102 gold pieces.

Inventory:

Hand Weapons
 a - a +0 dagger (weapon)
Armour
 b - a +0 robe (worn)
 c - a +0 hat
 g - a +1 helmet (worn)
 l - a scarf of repulsion (worn)
Scrolls
 e - a scroll of brand weapon {unknown}
 f - 4 scrolls of identify {unknown}
 h - 2 scrolls of amnesia {unknown}
 j - a scroll of butterflies {unknown}
Potions
 d - a potion of magic
 i - a potion of brilliance {unknown}
 k - a potion of attraction {unknown}


   Skills:
 + Level 0.2 Fighting
 + Level 2.4 Dodging
 + Level 2.5 Stealth
 + Level 6.2 Spellcasting
 * Level 1.3 Conjurations
 + Level 0.6 Hexes
 - Level 2.0 Summonings
 + Level 1.1 Translocations
 * Level 0.1 Air Magic
 * Level 0.3 Poison Magic


You had 6 spell levels left.
You knew the following spells:

 Your Spells              Type           Power      Damage    Failure   Level
a - Magic Dart            Conj           48%        1d5       5%          1
b - Slow                  Hex            36%        N/A       8%          1
c - Call Imp              Summ           15%        N/A       6%          2
d - Blink                 Tloc           22%        N/A       9%          2
e - Mephitic Cloud        Conj/Pois/Air  9%         N/A       22%         3

Your spell library contained the following spells:

 Spells                   Type           Power      Damage    Failure   Level
 Conjure Flame            Conj/Fire      9%         6-21      22%         3


Dungeon Overview and Level Annotations

Branches:
Dungeon (3/15)

Altars:

Shops:
D:1 (


Message History

Aiming: Magic Dart (safe; 5% risk of failure)
Press: ? - help, Q - select action, (/) - cycle Shift-Dir - straight line The magic dart hits something.
Something hits you.
Aiming: Magic Dart (safe; 5% risk of failure)
Press: ? - help, Q - select action, (/) - cycle Shift-Dir - straight line The magic dart hits something.
Something hits you.
Aiming: Magic Dart (safe; 5% risk of failure)
Press: ? - help, Q - select action, (/) - cycle Shift-Dir - straight line The magic dart hits something but does no damage.
You hear some strange, mumbled words.
A puff of flame appears from out of thin air!
The puff of flame is repelled.
Aiming: Magic Dart (safe; 5% risk of failure)
Press: ? - help, Q - select action, (/) - cycle Shift-Dir - straight line The magic dart hits something.
Something hits you but does no damage.
Aiming: Magic Dart (safe; 5% risk of failure)
Press: ? - help, Q - select action, (/) - cycle Shift-Dir - straight line, f - you You can't see any hostile targets that would be affected.
Targeting interrupted by HUP signal.
Okay, then.
Welcome back, thelastwis the Deep Elf Hedge Wizard.
Press ? for a list of commands and other information.
Aiming: Magic Dart (safe; 5% risk of failure)
Press: ? - help, Q - select action, (/) - cycle Shift-Dir - straight line You miscast Magic Dart.
You are very lightly contaminated with residual magic.
Nothing appears to happen.
Something hits you.
* * * LOW HITPOINT WARNING * * *
Deactivating autopickup; reactivate with Ctrl-A.
Aiming: Magic Dart (safe; 5% risk of failure)
Press: ? - help, Q - select action, (/) - cycle Shift-Dir - straight line The magic dart hits something but does no damage.
You hear some strange, mumbled words.
A magic dart appears from out of thin air!
The magic dart hits you!
You die...

#..........
#.........
#.......#
#.......# #
#.......##
#.##........#
#...........#
####{###....#
####...5@#######
........##
#.#..#### .....
..## .


You could see a friendly crimson imp (summoned).

Vanquished Creatures
  Natasha (D:2)
  Robin (D:2)
  A dart slug (D:2)
  2 orcs
  A ball python (D:1)
  An endoplasm (D:1)
  3 goblins
  2 hobgoblins
  3 jackals (D:2)
  3 kobolds (D:1)
  2 bats (D:1)
  9 rats (D:2)
29 creatures vanquished.

Vanquished Creatures (collateral kills)
  2 hobgoblins
  A frilled lizard (D:2)
  9 goblins
12 creatures vanquished.

Grand Total: 41 creatures vanquished

Notes
Turn   | Place    | Note
-------+----------+-------------------------------------------
     0 | D:1      | thelastwis the Deep Elf Hedge Wizard began the quest for
                  | the Orb.
     0 | D:1      | Reached XP level 1. HP: 10/10 MP: 7/7
    51 | D:1      | Learned a level 1 spell: Slow
   189 | D:1      | Found a faded altar of an unknown god.
   237 | D:1      | Reached skill level 5 in Spellcasting
   481 | D:1      | Reached XP level 2. HP: 15/15 MP: 6/10
   630 | D:1      | Learned a level 2 spell: Call Imp
   633 | D:1      | Learned a level 2 spell: Blink
   842 | D:1      | Found Gugibbaunea's Weapon Boutique.
   897 | D:2      | Noticed Robin
  1594 | D:2      | Killed Robin
  1595 | D:2      | Reached XP level 3. HP: 19/19 MP: 3/11
  2171 | D:2      | Learned a level 3 spell: Mephitic Cloud
  2189 | D:2      | Noticed Natasha
  2206 | D:2      | Killed Natasha
  2207 | D:2      | Reached skill level 6 in Spellcasting
  2207 | D:2      | Reached XP level 4. HP: 5/24 MP: 4/14
  3000 | D:3      | Killed from afar by an orc wizard

Illustrated notes

Levels and vault maps discovered:
D:1:      tarquinn_simple_flora_water_f, layout_loops_ring, serial_shops,
          nicolae_shop_bloodbath_and_beyond, basic_ecumenical_altar
D:2:      layout_basic, minmay_hedge_maze, minmay_rat_gold_closets,
          uniq_natasha, uniq_robin
D:3:      layout_basic, nicolae_ashenzari_panopticon, kennysheep_generic_room_8,
          uniq_crazy_yiuf_cottage

Skill      XL: |  1  2  3 |
---------------+----------+-----
Spellcasting   | 5 6 |  6.2
Summonings     | 2 |  2.0
Fighting       | |  0.2
Dodging        | |  2.4
Stealth        | |  2.5
Conjurations   | |  1.3
Hexes          | |  0.6
Translocations | |  1.1
Air Magic      | |  0.1
Poison Magic   | |  0.3

Action                   |  1- 3 |  4- 6 || total
-------------------------+-------+-------++-------
Melee: Dagger            |    15 |     9 ||    24
 Cast: Magic Dart        |    53 |    21 ||    74
       Slow              |    10 |       ||    10
       Call Imp          |    14 |     6 ||    20
       Blink             |     4 |     1 ||     5
 Stab: Sleeping          |       |     5 ||     5
Armor: Robe              |    13 |     6 ||    19
Dodge: Dodged            |    39 |     8 ||    47
       Repelled          |       |     2 ||     2
